Unix NetHack Version 5.0.0-0 post-release - last build May 31 2026 23:59:36 (970b52f25bf058293b47ddfd14a1e40e571c508c,branch:main).

Game began 2026-06-01 02:21:06, ended 2026-06-03 03:16:37.

Kwijibo4686, neutral female human Valkyrie

                      ----               ------
       ----        ----..|          ------..|.--
       |..----------..`..--         |..-|......-            -----         ----
       |.............-....--        |...|-....^.|           |...--        |..|
       ------.^.---.......*----------.|.|--.....-#         --....|        |..--
          |....-- |...................|.| ##-^...--        |....--        |...|
         --.|.*|  --...%.....---------|.-#  |.....--#     --....|         |..--
        --..|--   --....|.....---     |[.|  --......-#--- |.....--       --..|
        |..--   ---...----......|     -#.|   #..........---->....--      |...|
 ---    |.--    |....--  --.....|     %|.|  #|...........---......|--- ---.-.|
--.--   |.| -----....|    ---#.##  #####.##` |.........(.......^.-|<.|--.....|
|...-----.---........|       --#    #  |..|  |.............--.-----..||..-----
--.................-.|          #  #   |-.----.....[.@f....|-----....|-.--
 ---..--.............|           ##    |..........*.......-#.......|.|..|
   --........---.|.|.|          ##     |...........`.........------|....|
    |........| ----|.-  #---           -------...............#    --..-.|---
    ---....---     |...#-.^|              ---................|#  #-*....|..|
      |....|       |.......|              |...........-.....--  ##.........|
      ---.--       |......--              |..--.|.......----#    -#*..--..--
        ---        |..--.--               ----  --.------         -----|..|
                   -------                       ---                   ----
Kwijibo4686 the Fighter     St:16 Dx:13 Co:18 In:9 Wi:8 Ch:10  Neutral
Dlvl:5  $:0  HP:0(73) Pw:6(6) AC:10 Xp:8 T:7058  Fainted  Deaf

Latest messages:
 You regain consciousness.
 There are many objects here.
 You faint from lack of food.
 The mountain nymph tries to rob you, but there is nothing to steal!
 The mountain nymph vanishes!
 You regain consciousness.
 There are many objects here.
 There are many objects here.
 You faint from lack of food.
 The water nymph tries to rob you, but there is nothing to steal!
 The water nymph vanishes!
 You regain consciousness.
 You faint from lack of food.
 You regain consciousness.
 You can hear again.
 You faint from lack of food.
 The water nymph tries to rob you, but there is nothing to steal!
 The water nymph vanishes!
 The jaguar hits!
 The jaguar hits again!
 The jaguar bites!
 The jaguar hits!
 The jaguar hits again!
 The jaguar bites!
 The jaguar hits!
 The jaguar hits again!
 The jaguar bites!
 The jaguar hits!
 The jaguar hits again!
 The jaguar bites!
 The jaguar hits!
 The jaguar hits again!
 The jaguar bites!
 You regain consciousness.
 You miss the jaguar.
 The jaguar hits!
 The jaguar hits again!
 The jaguar bites!
 You can hear again.
 You faint from lack of food.
 The jaguar hits!
 The jaguar hits again!
 The jaguar bites!
 The jaguar hits!
 The jaguar hits again!
 The jaguar bites!
 The jaguar hits!
 The jaguar hits again!
 You die...
 Do you want to see your attributes? [ynq] (y) q

Inventory:
Not carrying anything.
Kwijibo4686 the Valkyrie's attributes:

Background:
 You were a Fighter, a level 8 human Valkyrie.
 You were neutral, on a mission for Odin
 who was opposed by Tyr (lawful) and Loki (chaotic).
 You were right-handed.
 You were in the Gnomish Mines, on level 5.
 You entered the dungeon 7058 turns ago.
 It was nighttime.
 You had 2121 experience points, 439 more were needed to attain level 9.

Basics:
 You had 0 out of 73 hit points.
 You had all 6 energy points (spell power).
 Your armor class was 10.
 Your wallet was empty.
 Autopickup was on for '$?!/="' plus thrown.

Final Characteristics:
 Your strength was 16 (base:17, limit:18/100).
 Your dexterity was 13 (peak:15, limit:18).
 Your constitution was 18 (limit:18).
 Your intelligence was 9 (limit:18).
 Your wisdom was 8 (limit:18).
 Your charisma was 10 (limit:18).

Final Status:
 You were deaf.
 You were fainted due to starvation.
 You were unencumbered.
 You were bare handed.
 You had basic skill with bare handed combat.
 You weren't wearing any armor.

Final Attributes:
 You were piously aligned.
 You were cold resistant.
 You were stealthy.
 You were fast.
 You are dead.

Miscellaneous:
 You didn't encounter any bones levels.
 Total elapsed playing time was 52 minutes and 38 seconds.

Major events:
 Turn
    1: Kwijibo4686 the neutral human Valkyrie entered the dungeon
  871: attained the rank of Skirmisher (level 3)
 2021: entered the Gnomish Mines
 3219: attained the rank of Fighter (level 6)
 3381: reached Mine Town
 7058: killed by a jaguar, while fainted from lack of food

You didn't know any spells.

Skills:
 Fighting Skills
   bare handed combat [Basic]
   two weapon combat  [Unskilled]
   riding             [Unskilled]
 Weapon Skills
   dagger             [Basic]
   axe                [Unskilled]
   pick-axe           [Unskilled]
   short sword        [Unskilled]
   broadsword         [Unskilled]
   long sword         [Unskilled]
   two-handed sword   [Unskilled]
   saber              [Unskilled]
   hammer             [Unskilled]
   quarterstaff       [Unskilled]
   polearms           [Unskilled]
   spear              [Expert]
   trident            [Unskilled]
   lance              [Unskilled]
   sling              [Unskilled]
 Spellcasting Skills
   attack spells      [Unskilled]
   escape spells      [Unskilled]

Voluntary challenges:
 Character rerolling was not enabled.
 You never genocided any monsters.
 You never polymorphed an object.
 You never changed form.
 You used no wishes.
Achievements:
 You attained the rank of Skirmisher.
 You entered a shop.
 You entered the Gnomish Mines.
 You attained the rank of Fighter.
 You entered Minetown.
 You entered a temple.

 The Dungeons of Doom: levels 1 to 5
    Level 1:
    Level 2:
       A fountain.
    Level 3:
       Some fountains, many trees.
    Level 4:
       A potion shop, a fountain.
       Stairs down to The Gnomish Mines.
    Level 5:
       Many fountains.
 The Gnomish Mines: levels 5 to 12
    Level 5: <- You were here.
       Final resting place for
          you, killed by a jaguar, while fainted from lack of food.
    Level 6:
    Level 7:
    Level 8:
       Many shops, a temple and an altar to Odin, some fountains.
    Level 9:
    Level 10:
    Level 11:
    Level 12: "Master fucking mind flayer"


Vanquished creatures:
  a chameleon
  a giant beetle
  3 wolves
 an iron piercer
  4 ogres
 an owlbear
  a yeti
  a lizard
  a dingo
  a housecat
  2 ravens
  a rope golem
  3 Woodland-elves
  a bugbear
  2 wood nymphs
  3 Mordor orcs
 an orc shaman
  a fog cloud
  4 yellow lights
  a shrieker
  8 gnome leaders
  6 gnomish wizards
  3 gray oozes
  a giant ant
  3 floating eyes
 13 dwarves
  3 homunculi
  a kobold leader
  2 kobold shamans
  2 hill orcs
  2 rothes
  2 rabid rats
  a centipede
  3 giant bats
  a monkey
  2 wererats
  a werejackal
  2 iguanas
  a killer bee
  2 acid blobs
  2 hobbits
  5 manes
  a large kobold
  a hobgoblin
  4 giant rats
  2 cave spiders
  a brown mold
  a green mold
 55 gnomes
  a gnome zombie
  5 geckos
  6 jackals
  a fox
  2 kobolds
  2 goblins
  7 sewer rats
  4 grid bugs
  4 lichens
  3 kobold zombies
 11 newts
211 creatures vanquished.

No species were genocided or became extinct.

Game over:
                       ----------
                      /          \
                     /    REST    \
                    /      IN      \
                   /     PEACE      \
                  /                  \
                  |   Kwijibo4686    |
                  |       0 Au       |
                  |   killed by a    |
                  |      jaguar      |
                  |                  |
                  |                  |
                  |       2026       |
                 *|     *  *  *      | *
        _________)/\\_//(\/(/\)/\//\/|_)_______

Farvel Kwijibo4686 the Valkyrie...

You died in The Gnomish Mines on dungeon level 5 with 9044 points,
and 0 pieces of gold, after 7058 moves.
You were level 8 with a maximum of 73 hit points when you died.

